 Dungeon Crawl Stone Soup version 0.26.1-11-gd32895ea62 (webtiles) character file.

Game seed: 14138567859901052806

165 Jerry the Shooter (level 5, -2/41 HPs)
             Began as a Human Hunter on June 14, 2021.
             Slain by Sigmund
             ... wielding a +1 scythe of protection
              (15 damage)
             ... on level 3 of the Dungeon.
             The game lasted 00:05:02 (2731 turns).

Jerry the Shooter (Human Hunter)                    Turns: 2731, Time: 00:05:03

Health: -2/41      AC:  3    Str: 13    XL:     5   Next: 75%
Magic:  5/5        EV: 12    Int: 12    God:
Gold:   94         SH:  0    Dex: 13    Spells: 4/4 levels left

rFire    + . .     SeeInvis .   m - +0 dagger (distort)
rCold    . . .     Faith    .   (no shield)
rNeg     . . .     Spirit   .   c - +0 leather armour
rPois    .         Reflect  .   (no helmet)
rElec    .         Harm     .   (no cloak)
rCorr    .         Rampage  .   (no gloves)
Will     .....                  (no boots)
Stlth    +.........             i - amulet of magic regeneration
HPRegen  0.13/turn              l - ring of protection from fire
MPRegen  0.34/turn              (no ring)

@: no status effects
A: no striking features
a: no special abilities


You were on level 3 of the Dungeon.
You visited 1 branch of the dungeon, and saw 3 of its levels.

You collected 94 gold pieces.

Inventory:

Hand Weapons
 a - a +1 shortbow
 b - a +0 short sword
 m - a +0 dagger of distortion (weapon)
Missiles
 d - 78 arrows
Armour
 c - a +0 leather armour (worn)
Jewellery
 i - an amulet of magic regeneration (around neck)
 l - a ring of protection from fire (left hand)
Wands
 o - a wand of polymorph (9)
Scrolls
 j - a scroll of teleportation {unknown}
 k - a scroll of blinking {unknown}
 n - 2 scrolls of identify
 p - 2 scrolls of remove curse {unknown}
Potions
 e - 2 potions of haste {unknown}
 f - a potion of lignification {unknown}
 g - a potion of degeneration {unknown}
 h - a potion of might {unknown}
 q - a potion of curing {unknown}


   Skills:
 + Level 3.2 Fighting
 + Level 1.6 Short Blades
 - Level 4.7 Bows
 + Level 2.4 Armour
 - Level 2.0 Dodging
 + Level 1.3 Stealth


You had 4 spell levels left.
You didn't know any spells.
Your spell library was empty.

Dungeon Overview and Level Annotations

Branches:
Dungeon (3/15)

Altars:
Ru

Annotations:
D:3 Sigmund


Message History

Sigmund the Dreaded comes into view.
He is wielding a +1 scythe of protection.
You hit the goblin but do no damage.
The goblin is devoured by a tear in reality.
The kobold hits you with a +0 whip.
You hit the kobold.
Space bends around the kobold.
You kill the kobold!
Things that are here:
a +0 whip; 2 stones; a kobold corpse Sigmund hits you from afar with a +1 scythe of protection!
Sigmund gestures at himself while chanting.
Sigmund flickers and vanishes!
Deactivating autopickup; reactivate with Ctrl-A.
No target in view!
No target in view!
No target in view!
No target in view!
You hit something.
Space bends around something.
Something hits you!
You hit something but do no damage.
Space bends around something.
You closely miss something. Something hits you!
You die...

.#.#.#.....#.#### ....
.........#......... ....
.........#.........
..... ........#.........
..... ........#.........
......#.......#.###.....
......#.##....#.# #..###
#....{.#.......###.....
# #...@................
#.##....#....######....
#.......)§..)..))).....
.........###...######...
...........#..†..#......
.........#.#.......###+#
.........'.........#
.........#.#.......#
........#.#.......#


There were no monsters in sight!

Vanquished Creatures
  Jessica (D:2)
  A gnoll (D:1)
  An ooze (D:2)
  3 worms
  2 dart slugs
  2 leopard geckos
  9 orcs (D:3)
  4 giant cockroaches (D:2)
  6 goblins
  2 hobgoblins
  4 jackals (D:3)
  10 kobolds
  2 quokkas (D:3)
  8 bats
  8 frilled lizards
  6 rats
69 creatures vanquished.

Notes
Turn   | Place    | Note
-------+----------+-------------------------------------------
     0 | D:1      | Jerry the Human Hunter began the quest for the Orb.
     0 | D:1      | Reached XP level 1. HP: 16/16 MP: 1/1
    91 | D:1      | Reached XP level 2. HP: 22/22 MP: 2/2
   111 | D:1      | Reached skill level 1 in Armour
   209 | D:1      | Reached XP level 3. HP: 28/28 MP: 3/3
   990 | D:2      | Reached XP level 4. HP: 28/34 MP: 4/4
  1062 | D:2      | Found a sacrificial altar of Ru.
  1457 | D:2      | Reached skill level 1 in Short Blades
  1503 | D:2      | Reached XP level 5. HP: 41/41 MP: 5/5
  1524 | D:2      | Noticed Jessica
  2075 | D:2      | Killed Jessica
  2722 | D:3      | Noticed Sigmund
  2731 | D:3      | Slain by Sigmund

Illustrated notes

Levels and vault maps discovered:
D:1:      dpeg_arrival_stonehenge_12_columns, layout_basic
D:2:      layout_basic, lemuel_doored_altar, uniq_jessica
D:3:      layout_basic, grunt_ministairs_7, uniq_sigmund

Skill      XL: |  1  2  3  4 |
---------------+-------------+-----
Armour         | 1 2 |  2.4
Short Blades   | 1 |  1.6
Fighting       | 3 |  3.2
Bows           | |  4.7
Dodging        | |  2.0
Stealth        | |  1.3

Action                   |  1- 3 |  4- 6 || total
-------------------------+-------+-------++-------
Melee: Dagger            |    29 |   136 ||   165
 Fire: Shortbow          |    66 |       ||    66
  Use: Scroll            |     2 |       ||     2
 Stab: Sleeping          |     2 |     2 ||     4
Armor: Leather armour    |     9 |    29 ||    38
Dodge: Dodged            |    31 |    67 ||    98
